 Dungeon Sprint DCSS version 0.19.5 (webtiles) character file.

269 dwjmeijer the Covert (level 6, -2/28 HPs)
             Began as a Spriggan Enchanter on Apr 25, 2017.
             Slain by a slime creature (16 damage)
             ... in the Dungeon (Sprint I: "Red Sonja").
             The game lasted 00:00:57 (293 turns).

dwjmeijer the Covert (Spriggan Enchanter)            Turns: 293, Time: 00:00:58

Health: -2/28      AC:  3    Str:  4    XL:     6   Next: 1%
Magic:  6/19       EV: 18    Int: 17    God:
Gold:   108        SH:  0    Dex: 18    Spells: 4 memorised, 14 levels left

rFire  . . .     SeeInvis +     a - +1 dagger
rCold  . . .     Gourm    .     b - +1 robe
rNeg   . . .     Faith    .     (shield restricted)
rPois  .         Spirit   .     (helmet restricted)
rElec  .         Reflect  .     (no cloak)
rCorr  .         Harm     .     (gloves unavailable)
MR     +....     NoTele   +     (boots unavailable)
Stlth  +++++.....               (no amulet)
                                (no ring)
                                (no ring)

@: very quick
A: unfitting armour, see invisible, herbivore 3, speed 3, slow metabolism 2
a: no special abilities


You were in the Dungeon.
You were not hungry.

You visited 1 branch You collected 108 gold pieces.

Inventory:

Hand Weapons
 a - a +1 dagger (weapon)
Armour
 b - a +1 robe (worn)
Scrolls
 j - a scroll of blinking
Potions
 e - a potion of curing
 f - a potion of heal wounds
 g - a potion of haste
 h - 2 potions of magic
 i - a potion of berserk rage
Books
 c - a book of Maledictions

   Spells                             Type                      Level
   a - Corona                         Hexes                        1
   b - Ensorcelled Hibernation        Hexes/Ice                    2
   c - Confuse                        Hexes                        3
   d - Tukima's Dance                 Hexes                        3
   e - Dazzling Spray                 Conjuration/Hexes            3
Comestibles
 d - a bread ration


   Skills:
 - Level 1.1 Short Blades
 - Level 3.0 Dodging
 + Level 11.8 Stealth
 - Level 9.0 Spellcasting
 * Level 9.3 Hexes


You had 14 spell levels left.
You knew the following spells:

 Your Spells              Type           Power        Failure   Level  Hunger
a - Corona                Hex            #####..      1%          1    None
b - Ensorcelled Hibernat  Hex/Ice        ###...       2%          2    None
c - Confuse               Hex            #####...     1%          3    None
d - Dazzling Spray        Conj/Hex       ###...       6%          3    None


Dungeon Overview and Level Annotations

Branches:
Dungeon (1/1)

Altars:
Makhleb
Xom
Jiyva
Lugonu


Innate Abilities, Weirdness & Mutations

You are very small and have problems with some larger weapons.
You are too small for most types of armour.
You have supernaturally acute eyesight. (SInv)
You are a herbivore.
You cover ground extremely quickly.
You need consume almost no food.


Message History

Casting: Ensorcelled Hibernation
Confirm with . or Enter, or press ? or * to list all spells.
Aiming: Ensorcelled Hibernation
Press: ? - help, Shift-Dir - straight line, f/p - slime creature
Aim: a slime creature (chance to defeat MR: 35%)
The slime creature easily resists.
The slime creature misses you.
Casting: Ensorcelled Hibernation
Confirm with . or Enter, or press ? or * to list all spells.
Aiming: Ensorcelled Hibernation
Press: ? - help, Shift-Dir - straight line, f/p - slime creature
Aim: a slime creature (chance to defeat MR: 35%)
The slime creature easily resists.
The slime creature misses you.
Casting: Ensorcelled Hibernation
Confirm with . or Enter, or press ? or * to list all spells.
Aiming: Ensorcelled Hibernation
Press: ? - help, Shift-Dir - straight line, f/p - slime creature
Aim: a slime creature (chance to defeat MR: 35%)
The slime creature easily resists.
The slime creature hits you!
Ouch! That really hurt!
You die...

###################
#<.#.÷'..#.)'..#J_#
#..'..#.)'..#$$@..+
#..#####'#####+#__#
#..# #..# ### #..#
#### #..# #⌠⌠# ####


You could see a slime creature.

Vanquished Creatures
  Sigmund (D)
  An ogre (D)
  Ijyb (D)
3 creatures vanquished.

Notes
Turn   | Place    | Note
-------+----------+-------------------------------------------
     0 | D        | dwjmeijer the Spriggan Enchanter began the quest for the Orb.
     0 | D        | Reached XP level 1. HP: 9/9 MP: 5/5
     2 | D        | Noticed Ijyb
    14 | D        | Killed Ijyb
    14 | D        | Reached skill level 6 in Stealth
    14 | D        | Reached skill level 5 in Hexes
    14 | D        | Reached XP level 2. HP: 7/13 MP: 5/8
   150 | D        | Learned a level 2 spell: Ensorcelled Hibernation
   151 | D        | Noticed an ogre
   158 | D        | Killed an ogre
   158 | D        | Reached skill level 9 in Stealth
   158 | D        | Reached XP level 3. HP: 10/16 MP: 0/12
   158 | D        | Reached XP level 4. HP: 13/21 MP: 0/13
   272 | D        | Learned a level 3 spell: Confuse
   276 | D        | Learned a level 3 spell: Dazzling Spray
   277 | D        | Noticed Sigmund
   279 | D        | Killed Sigmund
   279 | D        | Reached skill level 11 in Stealth
   279 | D        | Reached XP level 5. HP: 24/24 MP: 13/17
   279 | D        | Reached XP level 6. HP: 28/28 MP: 14/19
   287 | D        | Found a burning altar of Makhleb.
   287 | D        | Found a shimmering altar of Xom.
   287 | D        | Noticed a slime creature
   288 | D        | Found a viscous altar of Jiyva.
   288 | D        | Found a corrupted altar of Lugonu.
   293 | D        | Slain by a slime creature

Skill      XL: |  1  2  3  4 |
---------------+-------------+-----
Stealth        | 6 9 11 | 11.8
Spellcasting   | 4 6 9 |  9.0
Hexes          | 5 7 9 |  9.3
Short Blades   | |  1.1
Dodging        | |  3.0

Action                   |  1- 3 |  4- 6 || total
-------------------------+-------+-------++-------
Melee: Dagger            |    13 |     1 ||    14
 Cast: Ensorcelled Hiber |     3 |     5 ||     8
 Stab: Sleeping          |     3 |     1 ||     4
Armor: Robe              |     2 |       ||     2
Dodge: Dodged            |     6 |     4 ||    10
